Map: Rainfall LE

Players

Belial - Winner!

  • Race: Zerg Zerg
  • League: Diamond

Altik

  • Race: Protoss Protoss
  • League: Diamond

VOD

Have the link to the VOD?

Description

Time

  • Played on: Aug. 5, 2026, 2:05 p.m.
  • Length: 14:36
Show
View Real Time Build Order
Export as new Build Order

Belial Zerg - Winner!

Build Orders: Hatch First 

Get SALT Encoding   

  8  0:02  Drone  
  9  0:15  Drone  
  9  0:16  Drone  
  11  0:23  Drone  
  12  0:37  Extractor  
  12  0:38  Drone  
  12  0:40  Extractor, Drone  
  14  1:22  Hatchery  
  14  1:23  Spawning Pool  
  12  1:31  Overlord  
  12  1:45  Extractor, Drone  
  12  1:50  Drone x2  
  14  1:56  Drone  
  15  2:10  Queen  
  18  2:15  Zergling x2  
  18  2:22  Drone  
  19  2:26  Drone  
  20  2:34  Overlord  
  20  2:37  Drone  
  21  2:50  Queen  
  23  2:58  Metabolic Boost  
  23  3:02  Drone  
  24  3:06  Drone  
  24  3:12  Overlord  
  24  3:21  Drone  
  24  3:22  Drone  
  24  3:23  Drone  
  24  3:26  Zergling x2  
  28  3:29  Zergling x2  
  28  3:32  Zergling x2  
  30  3:37  Zergling x2  
  30  3:40  Drone  
  33  3:41  Drone  
  33  3:43  Drone  
  33  3:46  Drone  
  35  3:52  Drone  
  35  3:53  Drone  
  35  3:54  Drone  
  38  3:59  Overlord  
  38  4:10  Overlord  
  38  4:11  Drone  
  38  4:16  Drone  
  39  4:18  Drone x3  
  39  4:23  Drone x3  
  45  4:27  Overlord  
  45  4:32  Evolution Chamber  
  44  4:44  Hatchery  
  43  4:48  Overlord  
  43  4:53  Overlord  
  43  4:56  Lair  
  43  4:59  Zerg Melee Weapons Level 1  
  43  5:02  Zergling x2  
  43  5:03  Zergling x2  
  45  5:08  Queen  
  47  5:24  Zergling x12  
  47  5:26  Zergling x2  
  50  5:43  Queen  
  50  5:48  Spore Crawler  
  47  6:10  Drone x6, Extractor, Hydralisk Den  
  51  6:11  Spire  
  51  6:14  Drone x2  
  52  6:18  Spore Crawler  
  52  6:19  Queen  
  52  6:20  Drone  
  53  6:26  Drone x3  
  53  6:28  Zergling x2  
  53  6:31  Zergling x4  
  59  6:33  Zergling x2  
  59  6:35  Zergling x2  
  59  6:37  Zergling x4  
  63  6:41  Zergling x2  
  63  6:42  Zergling x4  
  63  6:45  Zergling x2  
  68  6:47  Zergling x2  
  68  6:48  Zergling x4  
  70  6:55  Queen  
  70  7:01  Zergling x2  
  70  7:02  Zergling x4  
  65  7:12  Drone x3  
  65  7:13  Drone x4  
  71  7:16  Grooved Spines  
  71  7:22  Zerg Missile Weapons Level 1  
  71  7:23  Drone  
  71  7:24  Drone x2  
  71  7:27  Extractor  
  71  7:28  Extractor  
  72  7:30  Queen  
  72  7:41  Drone  
  72  7:42  Baneling Nest, Drone x5, Hatchery  
  76  8:05  Drone  
  76  8:06  Drone x7  
  76  8:07  Muscular Augments  
  84  8:17  Overlord  
  84  8:18  Overlord x4  
  84  8:28  Centrifugal Hooks  
  83  8:37  Zergling x2  
  83  8:38  Zergling x14  
  91  8:41  Extractor  
  91  8:43  Extractor, Zerg Flyer Weapons Level 1  
  91  8:46  Baneling  
  91  8:47  Baneling x12  
  89  9:02  Drone x6  
  95  9:03  Drone x5  
  95  9:06  Overlord  
  100  9:13  Drone x2  
  100  9:14  Drone x5  
  100  9:16  Queen  
  109  9:21  Zerg Melee Weapons Level 2  
  109  9:26  Evolution Chamber, Extractor x2  
  106  9:43  Baneling x9  
  106  9:44  Baneling x16  
  105  9:46  Zergling x12  
  105  9:47  Zergling x22  
  122  9:52  Infestation Pit  
  122  9:53  Zerg Ground Armor Level 1  
  122  9:58  Drone x7  
  127  10:38  Zerg Flyer Armor Level 1  
  127  10:50  Hatchery  
  126  10:58  Mutalisk x5  
  126  11:00  Overlord x6  
  133  11:27  Mutalisk x4  
  133  11:28  Mutalisk x8  
  157  11:33  Hive  
  157  11:37  Hatchery  
  156  11:46  Overseer, Mutalisk  
  156  11:47  Mutalisk  
  156  11:49  Mutalisk  
  156  11:53  Mutalisk  
  164  11:58  Mutalisk  
  164  12:03  Overlord x2  
  163  12:16  Mutalisk x4  
  163  12:17  Extractor x2  
  163  12:22  Extractor  
  168  12:23  Extractor  
  168  12:27  Mutalisk  
  169  12:33  Mutalisk  
  171  12:44  Mutalisk  
  171  12:45  Mutalisk  
  171  12:48  Mutalisk  
  171  12:50  Mutalisk  
  179  12:58  Mutalisk  
  176  13:01  Mutalisk  
  148  13:07  Mutalisk  
  148  13:08  Mutalisk  
  148  13:12  Mutalisk  
  142  13:15  Mutalisk  
  144  13:21  Drone  
  144  13:22  Drone x20  
  165  13:28  Queen  
  167  13:42  Ultralisk Cavern  
  162  14:12  Zergling x2  
  162  14:13  Zergling x60  
Show
View Real Time Build Order
Export as new Build Order

Altik Protoss 

Build Orders:  

Get SALT Encoding   

  8  0:00  Probe (Chrono Boost)  
  9  0:12  Probe (Chrono Boost)  
  10  0:19  Probe (Chrono Boost)  
  11  0:26  Probe  
  12  0:36  Pylon  
  12  0:39  Probe  
  13  0:54  Probe  
  14  0:59  Gateway  
  14  1:06  Probe  
  15  1:15  Assimilator  
  15  1:18  Probe  
  16  1:30  Probe  
  17  1:48  Nexus  
  17  1:51  Probe (Chrono Boost)  
  19  2:02  Probe (Chrono Boost)  
  19  2:07  Cybernetics Core  
  19  2:11  Probe  
  20  2:20  Pylon  
  20  2:26  Probe (Chrono Boost)  
  21  2:38  Assimilator  
  21  2:40  Probe (Chrono Boost)  
  21  2:42  Adept (Chrono Boost)  
  24  2:44  Warp Gate  
  24  2:45  Probe (Chrono Boost)  
  25  2:56  Probe  
  26  2:58  Pylon  
  26  3:01  Probe  
  27  3:12  Adept (Chrono Boost)  
  28  3:25  Probe (Chrono Boost)  
  28  3:26  Probe (Chrono Boost)  
  30  3:29  Stargate  
  30  3:30  Twilight Council  
  30  3:37  Probe (Chrono Boost)  
  32  3:41  Stalker  
  32  3:42  Probe (Chrono Boost)  
  32  3:44  Probe (Chrono Boost)  
  35  3:48  Probe  
  35  3:53  Probe  
  37  4:01  Probe  
  38  4:04  Pylon  
  38  4:05  Probe  
  41  4:22  Probe x2  
  39  4:24  Adept  
  39  4:25  Oracle  
  42  4:34  Probe  
  42  4:35  Probe  
  42  4:36  Resonating Glaives  
  44  4:40  Adept  
  44  4:42  Gateway  
  44  4:43  Gateway  
  46  4:46  Probe  
  46  4:47  Gateway, Probe  
  48  4:53  Pylon  
  48  4:57  Adept  
  50  5:00  Probe  
  50  5:01  Probe  
  52  5:08  Oracle  
  52  5:13  Probe x2  
  57  5:23  Nexus  
  57  5:32  Probe  
  57  5:33  Probe  
  58  5:42  Adept x4  
  64  6:05  Adept  
  66  6:17  Pylon  
  66  6:20  Pylon  
  66  6:23  Pylon  
  66  6:35  Adept x3, Probe x2  
  71  6:45  Adept  
  73  6:47  Probe x2  
  73  6:49  Charge (Chrono Boost)  
  75  7:02  Nexus  
  75  7:05  Probe x2  
  65  7:09  Zealot x4  
  65  7:14  Assimilator  
  71  7:18  Pylon  
  71  7:19  Assimilator  
  71  7:26  Zealot x4  
  71  7:27  Probe x2  
  81  7:30  Forge  
  81  7:32  Forge  
  81  7:41  Void Ray  
  81  7:43  Nexus  
  85  7:48  Shield Battery  
  85  7:49  Shield Battery  
  85  7:52  Zealot x4  
  85  7:53  Probe x2  
  95  8:06  Probe  
  95  8:08  Photon Cannon  
  95  8:10  Photon Cannon  
  95  8:11  Photon Cannon  
  96  8:14  Gateway x2  
  96  8:17  Zealot, Pylon  
  98  8:23  Pylon  
  98  8:25  Pylon  
  98  8:26  Protoss Air Weapons Level 1  
  98  8:31  Stargate  
  98  8:35  Zealot x2  
  102  8:43  Zealot x2  
  106  8:49  Protoss Ground Weapons Level 1, Protoss Ground Armor Level 1  
  106  8:53  Templar Archives  
  106  8:58  Void Ray  
  110  9:05  Stargate  
  110  9:08  Probe x2  
  112  9:11  Fleet Beacon, Zealot x2  
  112  9:16  Assimilator  
  116  9:18  Assimilator  
  116  9:25  Void Ray  
  120  9:31  Probe x3  
  123  9:43  Probe x3  
  126  9:46  Void Ray  
  130  9:54  Pylon  
  130  9:55  Probe  
  130  9:56  Pylon  
  130  9:58  Pylon, Zealot x2  
  135  10:00  Pylon  
  135  10:06  Flux Vanes  
  135  10:12  Void Ray, Zealot  
  141  10:16  Void Ray  
  141  10:17  Probe x2  
  147  10:22  Pylon  
  147  10:25  Probe  
  148  10:29  Probe x2  
  148  10:33  High Templar  
  148  10:34  High Templar  
  148  10:35  Void Ray  
  158  10:36  Zealot x2  
  162  10:43  Pylon  
  162  10:49  Pylon  
  162  10:51  Pylon  
  162  10:52  Pylon  
  162  10:58  Zealot x3  
  162  11:02  Carrier  
  162  11:03  Protoss Air Weapons Level 2 (Chrono Boost)  
  174  11:15  Archon  
  174  11:18  Probe x2  
  174  11:19  Probe  
  174  11:21  Void Ray  
  179  11:31  Zealot  
  179  11:32  Zealot x4  
  187  11:41  Gateway  
  187  11:42  Gateway  
  187  11:47  Gateway  
  187  11:54  Void Ray  
  191  12:04  Void Ray  
  195  12:22  Protoss Shields Level 1 (Chrono Boost)  
  195  12:46  Nexus  
  195  12:48  Pylon  
  123  13:07  Void Ray x2 (Chrono Boost)  
  123  13:08  Void Ray (Chrono Boost)  
  123  13:11  Zealot x3  
  123  13:12  Zealot x3  
  120  13:19  High Templar x2  
  116  13:25  Archon  
  112  13:35  Zealot x6  
  124  13:41  Phoenix (Chrono Boost)  
  124  13:42  Phoenix (Chrono Boost)  
  124  13:43  Phoenix (Chrono Boost)  
  120  13:58  Phoenix x2 (Chrono Boost)  
  100  14:17  Stalker x3  
Tags
 
Add a new tag
Caveats
  • Supply blocks, unpowered buildings, or Contaminate may cause inaccurate times.
  • Supply counts are checked every 10 seconds.